AoeStats
← WarSong

MegaRandom

507792281Analyzed
3v3 RM · 11d ago on Sep 19, 2026· 59m 50s· 6 players
Game mode
Random Map
Map size
Normal (6 player)
Population
200
Speed
Normal
Resources
Standard
Victory
Conquest
Starting age
Dark Age
Ending age
Imperial Age
RankedLock teamsTeams togetherTeam positionsShared explorationLock speedFull tech treeHidden civsTurbo modeCheats
Victory
Defeat
🇹🇷 Saracens · Türkiye
1008
+10
🇹🇷 Turks · Türkiye
997
+28
🇹🇷 Franks · Türkiye
835
+47
🇨🇦 Inca · Canada
904
-14
🇨🇦 Spanish · Canada
898
-14
🇨🇦 Gurjaras · Canada
791
-10
DingleDwarf69
9:10 Loom
13:18 Feudal Age
15:31 Wheelbarrow
15:37 Double-Bit Axe
20:46 Castle Age
21:55 Stone Mining
21:59 Gold Mining
24:18 Forging
24:09 Padded Archer Armor
24:15 Husbandry
26:02 Bloodlines
26:14 Scale Barding Armor
31:45 Iron Casting
31:39 Leather Archer Armor
35:39 Imperial Age
36:51 Ring Archer Armor
37:58 Elite Conquistador
42:58 Cavalier
47:17 Light Cavalry
54:54 Caravan
58:20 Blast Furnace
Balaam
14:21 Feudal Age
15:06 Champi Runner
15:32 Arson
16:04 Double-Bit Axe
17:43 Forging
19:02 Scale Mail Armor
19:32 Gold Mining
20:33 Stone Mining
24:46 Castle Age
26:13 Bow Saw
26:01 Champi Warrior
26:42 Squires
27:29 Wheelbarrow
27:33 Iron Casting
27:14 Chain Mail Armor
27:37 Gold Shaft Mining
28:00 Stone Shaft Mining
28:26 Horse Collar
34:07 Heavy Plow
34:25 Hand Cart
38:12 Imperial Age
37:30 Pikeman
38:27 Elite Champi Warrior
39:30 Conscription
39:13 Fabric Shields
39:06 Halberdier
40:32 Caravan
41:35 Blast Furnace
41:18 Crop Rotation
42:15 Plate Mail Armor
43:47 Elite Kamayuk
WarSong
0:30 Loom
10:09 Feudal Age
11:46 Double-Bit Axe
11:44 Horse Collar
18:16 Castle Age
21:29 Gold Mining
21:31 Stone Mining
24:33 Scale Barding Armor
24:39 Forging
27:03 Stone Shaft Mining
28:39 Husbandry
28:50 Bloodlines
36:10 Imperial Age
36:32 Heavy Camel Rider
38:32 Chain Barding Armor
38:13 Scale Mail Armor
40:10 Elite Chakram Thrower
43:28 Frontier Guards
43:16 Kshatriyas
46:13 Conscription
51:42 Plate Barding Armor
51:43 Iron Casting
55:41 Treadmill Crane
55:46 Light Cavalry
56:31 Hussar
Pearlie
7:30 Loom
11:00 Feudal Age
11:37 Double-Bit Axe
11:34 Horse Collar
14:04 Gold Mining
17:54 Castle Age
15:56 Stone Mining
19:24 Wheelbarrow
20:34 Hand Cart
24:32 Bow Saw
25:13 Heavy Plow
27:59 Fortified Wall
27:32 Treadmill Crane
28:02 Fortified Wall
28:07 Masonry
28:55 Forging
28:51 Scale Barding Armor
29:23 Husbandry
29:35 Bloodlines
30:23 Iron Casting
30:30 Gold Shaft Mining
35:14 Imperial Age
34:07 Chain Barding Armor
35:40 Elite Mameluke
37:01 Caravan
38:15 Blast Furnace
37:51 Plate Barding Armor
37:28 Town Watch
39:43 Two-Man Saw
41:42 Conscription
42:19 Town Patrol
44:07 Counterweights
54:54 Coinage
55:25 Hoardings
Portakal
11:24 Feudal Age
12:52 Double-Bit Axe
13:28 Horse Collar
15:30 Wheelbarrow
18:23 Castle Age
17:54 Gold Mining
19:45 Bow Saw
20:31 Caravan
23:40 Hand Cart
29:43 Imperial Age
29:46 Gold Shaft Mining
29:46 Caravan
35:35 Elite Janissary
39:12 Padded Archer Armor
39:21 Artillery
Chaosunium
10:34 Feudal Age
11:01 Double-Bit Axe
16:33 Castle Age
16:22 Forging
16:17 Scale Barding Armor
19:40 Iron Casting
23:49 Chain Barding Armor
37:48 Imperial Age
40:02 Plate Barding Armor
40:27 Blast Furnace
43:18 Wheelbarrow
42:15 Cavalier
44:13 Paladin
47:01 Padded Archer Armor
47:20 Elite Throwing Axeman
52:33 Caravan
55:58 #83
58:54 Leather Archer Armor
58:30 Fletching
58:43 Scale Mail Armor
Connection lost

Rejoining the realm…

Still unreachable

The connection could not be restored.

Session expired

The server has moved on; the page needs a fresh start.